cohdb
Replays
Latest Replays
All Replays
Popular Replays
Top Player Replays
Match Explorer
How It Works
Community
CoH3 Stats
Reddit
Sign in to upload your games and track your stats! →
Sign in with Steam
Match 47019516
Unlisted
Match 47019516
Overview
Messages
Build Orders
End
Selects Italian Combined Arms Battlegroup
Selects Bersaglieri Squad
Bersaglieri Squad
250 Light Carrier
Bersaglieri Squad
Construct Light Support Kompanie
Bersaglieri Squad
Fire Support Elements
2.5-tonne Medical Truck
Selects Bersaglieri Bolster
Bersaglieri Squad
le.IG 18 Mechanized Group
Pak 38 Anti-tank Gun Team
Selects Breda Model 30 Light Machine Guns
Construct Panzerarmee Kommand
Pak 38 Anti-tank Gun Team
Walking Stuka Rocket Launcher
Selects Semovente da 75/18 Assault Gun
2.5-tonne Medical Truck
AI Takeover
Fabian
Twelve_Monkeys
kill
sith
Hao Wei
RitraXP
Ben
我呆了呆
0
0
Comments
sign in to comment!
No comments posted yet!